VANCOUVER vs COLUMBUS

Created - Wednesday, June 27, 2018 at 16:32

Goals
1 2 3 T
VANCOUVER 1 1 1 3
COLUMBUS 1 0 1 2
Shots
1 2 3 T
VANCOUVER 3 6 11 20
COLUMBUS 12 12 13 37

1st period

1. COLUMBUS , Leo Komarov 5 (Jake McCabe 6, Mark Letestu 2) at 15:34
2. VANCOUVER , Mark Stone 9 (Patrick Kane 17) at 17:41

Penalties :
T.J. Brodie (VAN) for Hooking (Minor) at 0:28, Erik Johnson (VAN) for Hooking (Minor) at 19:59

2nd period

3. VANCOUVER , Erik Johnson 4 (Tyler Seguin 11) at 8:55

Penalties :
Leo Komarov (CBJ) for Interference (Minor) at 2:02, Travis Hamonic (VAN) for Elbowing (Minor) at 4:11, Mark Stone (VAN) for Tripping (Minor) at 18:10

3rd period

4. VANCOUVER , Jonathan Huberdeau 8 (T.J. Brodie 13, Nazem Kadri 13) at 7:00
5. COLUMBUS , John Tavares 9 (Joe Pavelski 13, Mattias Ekholm 16) at 14:06 (PP)

Penalties :
Kevin Bieksa (VAN) for Goalie Interference (Minor) at 7:07, Chris Kunitz (VAN) for Tripping (Minor) at 12:18, Jonathan Huberdeau (VAN) for Hooking (Minor) at 19:28

Goalie Stats

Martin Jones (VAN), 35 saves from 37 shots - (0.946), W, 2-1-0, 60:00 minutes
Corey Crawford (CBJ), 17 saves from 20 shots - (0.850), L, 15-8-2, 59:10 minutes

Players Stats for VANCOUVER

Player Name              G  A  P  +/- PIM S  H  SB GA TA FO     MP     PP MP  PK MP  
------------------------------------------------------------------------------------
Chris Kunitz             0  0  0   0  2   1  0  0  0  0  0/0     5:31   0:00   1:38 
Daniel Sedin             0  0  0   0  0   2  0  0  0  0  0/3     9:08   0:00   0:11 
Erik Johnson             1  0  1   0  2   2  1  1  0  0  0/0    24:23   0:54   6:16 
Hampus Lindholm          0  0  0   0  0   0  3  1  0  0  0/0    24:25   0:54   6:17 
Jaromir Jagr             0  0  0   0  0   2  1  0  0  0  1/1    16:59   1:05   0:00 
Jean-Gabriel Pageau      0  0  0   0  0   0  1  0  0  0  10/21  14:51   0:00   5:54 
Jonathan Huberdeau       1  0  1   0  2   4  0  0  0  0  0/0    16:58   1:05   0:00 
Justin Abdelkader        0  0  0   0  0   0  1  0  0  0  0/1     8:57   0:00   0:00 
Kevin Bieksa             0  0  0   0  2   0  2  1  0  0  0/0    11:11   0:00   2:17 
Marian Gaborik           0  0  0   0  0   0  0  0  0  0  0/0     3:54   0:00   0:00 
Mark Arcobello           0  0  0   0  0   0  0  0  0  0  1/4     3:54   0:00   0:00 
Mark Stone               1  0  1   2  2   3  0  0  0  0  0/0    23:02   0:54   5:07 
Nazem Kadri              0  1  1   0  0   2  4  0  0  0  14/25  23:19   1:05   6:20 
Patrick Kane             0  1  1   2  0   1  2  0  0  0  1/6    17:56   0:54   0:00 
Ryan Ellis               0  0  0   2  0   2  1  0  0  0  0/0    25:43   1:05   5:00 
T.J. Brodie              0  1  1   2  2   0  2  2  0  0  0/0    25:09   1:05   4:27 
Travis Hamonic           0  0  0   0  2   0  1  1  0  0  0/0     9:05   0:00   0:11 
Tyler Seguin             0  1  1   2  0   1  2  0  0  0  10/19  23:14   0:54   5:18 

Players Stats for COLUMBUS

Player Name              G  A  P  +/- PIM S  H  SB GA TA FO     MP     PP MP  PK MP  
------------------------------------------------------------------------------------
Aleksander Barkov        0  0  0  -1  0   5  4  0  0  0  11/24  20:33   5:33   0:14 
Andre Burakovsky         0  0  0  -1  0   5  0  0  0  0  1/2    20:19   5:33   0:00 
Ben Chiarot              0  0  0   0  0   0  1  0  0  0  0/0    12:16   0:00   0:00 
Brian Boyle              0  0  0   0  0   2  0  0  0  0  1/1     3:14   0:00   0:00 
Colton Sceviour          0  0  0   0  0   0  1  0  0  0  0/0     3:14   0:00   0:00 
Derek MacKenzie          0  0  0   0  0   0  0  0  0  0  0/0     0:00   0:00   0:00 
Dustin Byfuglien         0  0  0  -1  0   1  3  0  0  0  0/0    26:32   6:32   1:08 
Eric Gryba               0  0  0   0  0   0  0  0  0  0  0/0     2:26   0:00   0:00 
Jacob Trouba             0  0  0  -1  0   2  1  1  0  0  0/0    21:12   5:42   0:51 
Jake McCabe              0  1  1   0  0   0  0  0  0  0  0/0    12:16   0:00   0:00 
Jay Beagle               0  0  0   0  0   0  0  0  0  0  4/6     4:40   0:00   1:26 
Joe Pavelski             0  1  1  -1  0   7  4  0  0  0  1/3    23:51   6:41   0:00 
John Carlson             0  0  0  -1  0   0  0  0  0  0  0/0    24:06   6:32   1:08 
John Tavares             1  0  1  -1  0   4  2  0  0  0  15/29  23:51   6:41   0:00 
Jonathan Drouin          0  0  0  -1  0   3  0  0  0  0  0/1    23:51   6:41   0:00 
Leo Komarov              1  0  1   0  2   2  1  1  0  0  1/1    10:36   0:00   0:00 
Mark Letestu             0  1  1   0  0   0  0  0  0  0  2/2    11:42   0:00   1:05 
Mattias Ekholm           0  1  1  -1  0   1  0  1  0  0  0/0    21:12   5:42   0:51 
Max Domi                 0  0  0  -1  0   2  0  0  0  0  0/0    21:23   5:33   1:04 
Radek Faksa              0  0  0   0  0   3  2  0  0  0  7/11   10:46   0:00   0:09 

3 Stars

1 - Martin Jones (VAN)
2 - Patrick Kane (VAN)
3 - Tyler Seguin (VAN)

Power Play

VANCOUVER - 0 on 1 Attempt(s) - 0.00%
COLUMBUS - 1 on 7 Attempt(s) - 14.29%

Penalty Kill

VANCOUVER - 6 on 7 Attempt(s) - 85.71% - Score 0 goal in Penalty Kill
COLUMBUS - 1 on 1 Attempt(s) - 100.00% - Score 0 goal in Penalty Kill

Team Stat

VANCOUVER - Hits : 21 - Faceoff Wins : 37 - Blocked Shots : 6 - Penalty Minutes : 14
COLUMBUS - Hits : 19 - Faceoff Wins : 43 - Blocked Shots : 3 - Penalty Minutes : 2

Official

Referees : Unknown
Linesman : Unknown

Game Notes

No Game Note

Finance

Level 1 -- Attendance: 6000 (100.00%) -- Ticket Income $540,000
Level 2 -- Attendance: 5000 (100.00%) -- Ticket Income $250,000
Level 3 -- Attendance: 2000 (100.00%) -- Ticket Income $60,000
Level 4 -- Attendance: 4000 (100.00%) -- Ticket Income $60,000
Luxury Box -- Attendance: 1000 (100.00%) -- Ticket Income $180,000
Game was played at the Nationwide Arena.
Total Attendance: 18000 (100.00%)
Total Ticket Income: $1,090,000
Total Income: $1,090,000

VANCOUVER

5 vs 5 Forward 
   Center                   Left Wing                Right Wing               Time % Phy DF OF 
 1 Tyler Seguin             Patrick Kane             Mark Stone               43     0   1  4  
 2 Nazem Kadri              Jonathan Huberdeau       Jaromir Jagr             42     0   1  4  
 3 Jean-Gabriel Pageau      Daniel Sedin             Justin Abdelkader        15     0   2  3  
 4 Mark Arcobello           Chris Kunitz             Marian Gaborik           0      0   3  2  

5 vs 5 Defense 
   Defense                  Defense                                           Time % Phy DF OF 
 1 T.J. Brodie              Ryan Ellis                                        44     0   2  3  
 2 Hampus Lindholm          Erik Johnson                                      42     0   2  3  
 3 Kevin Bieksa             Travis Hamonic                                    14     0   3  2  
 4 T.J. Brodie              Ryan Ellis                                        0      1   2  2  

PowerPlay Forward 
   Center                   Left Wing                Right Wing               Time % Phy DF OF 
 1 Tyler Seguin             Patrick Kane             Mark Stone               63     1   0  4  
 2 Nazem Kadri              Jonathan Huberdeau       Jaromir Jagr             37     1   0  4  

PowerPlay Defense
   Defense                  Defense                                           Time % Phy DF OF 
 1 T.J. Brodie              Ryan Ellis                                        63     0   1  4  
 2 Hampus Lindholm          Erik Johnson                                      37     0   1  4  

Penalty Kill 4 Players Forward 
   Center                   Wing                     Time % Phy DF OF 
 1 Jean-Gabriel Pageau      Tyler Seguin             50     0   5  0  
 2 Nazem Kadri              Mark Stone               50     0   5  0  

Penalty Kill 4 Players Defense
   Defense                  Defense                  Time % Phy DF OF 
 1 T.J. Brodie              Erik Johnson             50     1   4  0  
 2 Hampus Lindholm          Ryan Ellis               50     1   4  0  

Penalty Kill - 3 Players Forward 
   Forward                                           Time % Phy DF OF 
 1 Jean-Gabriel Pageau                               60     0   5  0  
 2 Nazem Kadri                                       40     0   5  0  

Penalty Kill - 3 Players Defense
   Defense                  Defense                  Time % Phy DF OF 
 1 T.J. Brodie              Erik Johnson             60     1   4  0  
 2 Hampus Lindholm          Ryan Ellis               40     1   4  0  

4 vs 4 Forward 
   Center                   Wing                     Time % Phy DF OF 
 1 Tyler Seguin             Patrick Kane             60     1   2  2  
 2 Nazem Kadri              Jonathan Huberdeau       40     1   2  2  

4 vs 4 Defense
   Defense                  Defense                  Time % Phy DF OF 
 1 T.J. Brodie              Erik Johnson             60     1   2  2  
 2 Hampus Lindholm          Ryan Ellis               40     1   2  2  

Last Minutes Offensive
   Center                   Left Wing                Right Wing               Defense                  Defense                  
   Tyler Seguin             Patrick Kane             Nazem Kadri              Mark Stone               Ryan Ellis               

Last Minutes Defensive
   Center                   Left Wing                Right Wing               Defense                  Defense                  
   Tyler Seguin             Patrick Kane             Nazem Kadri              T.J. Brodie              Erik Johnson             

Goaltenders
Starting : Martin Jones             
Backup : Ryan Miller              

Extra Forwards
Normal : Jean-Gabriel Pageau, Tyler Seguin, Nazem Kadri - PP : Nazem Kadri, Patrick Kane - PK : Tyler Seguin
Extra Defensemen
Normal : Hampus Lindholm, Ryan Ellis, T.J. Brodie - PP : Travis Hamonic - PK : Ryan Ellis, Erik Johnson
Penalty Shots
Patrick Kane, Tyler Seguin, Jonathan Huberdeau, Nazem Kadri, Ryan Ellis

Scratches
None

COLUMBUS

5 vs 5 Forward 
   Center                   Left Wing                Right Wing               Time % Phy DF OF 
 1 John Tavares             Jonathan Drouin          Joe Pavelski             35     0   1  4  
 2 Aleksander Barkov        Max Domi                 Andre Burakovsky         32     0   1  4  
 3 Radek Faksa              Leo Komarov              Mark Letestu             23     1   3  1  
 4 Jay Beagle               Colton Sceviour          Brian Boyle              10     2   3  0  

5 vs 5 Defense 
   Defense                  Defense                                           Time % Phy DF OF 
 1 Dustin Byfuglien         John Carlson                                      35     1   2  2  
 2 Jacob Trouba             Mattias Ekholm                                    30     1   2  2  
 3 Jake McCabe              Ben Chiarot                                       25     1   4  0  
 4 Eric Gryba               Dustin Byfuglien                                  10     1   2  2  

PowerPlay Forward 
   Center                   Left Wing                Right Wing               Time % Phy DF OF 
 1 John Tavares             Jonathan Drouin          Joe Pavelski             60     0   0  5  
 2 Aleksander Barkov        Max Domi                 Andre Burakovsky         40     0   1  4  

PowerPlay Defense
   Defense                  Defense                                           Time % Phy DF OF 
 1 Dustin Byfuglien         John Carlson                                      60     1   2  2  
 2 Jacob Trouba             Mattias Ekholm                                    40     1   2  2  

Penalty Kill 4 Players Forward 
   Center                   Wing                     Time % Phy DF OF 
 1 Jay Beagle               Leo Komarov              60     1   4  0  
 2 Radek Faksa              Mark Letestu             40     1   4  0  

Penalty Kill 4 Players Defense
   Defense                  Defense                  Time % Phy DF OF 
 1 Dustin Byfuglien         John Carlson             60     1   4  0  
 2 Jacob Trouba             Mattias Ekholm           40     1   4  0  

Penalty Kill - 3 Players Forward 
   Forward                                           Time % Phy DF OF 
 1 Jay Beagle                                        60     1   4  0  
 2 Radek Faksa                                       40     1   4  0  

Penalty Kill - 3 Players Defense
   Defense                  Defense                  Time % Phy DF OF 
 1 Dustin Byfuglien         John Carlson             60     1   4  0  
 2 Jacob Trouba             Mattias Ekholm           40     1   4  0  

4 vs 4 Forward 
   Center                   Wing                     Time % Phy DF OF 
 1 John Tavares             Jonathan Drouin          60     1   2  2  
 2 Aleksander Barkov        Joe Pavelski             40     1   2  2  

4 vs 4 Defense
   Defense                  Defense                  Time % Phy DF OF 
 1 Dustin Byfuglien         John Carlson             60     1   2  2  
 2 Jacob Trouba             Mattias Ekholm           40     1   2  2  

Last Minutes Offensive
   Center                   Left Wing                Right Wing               Defense                  Defense                  
   John Tavares             Jonathan Drouin          Joe Pavelski             Dustin Byfuglien         John Carlson             

Last Minutes Defensive
   Center                   Left Wing                Right Wing               Defense                  Defense                  
   Radek Faksa              Leo Komarov              Mark Letestu             Dustin Byfuglien         John Carlson             

Goaltenders
Starting : Corey Crawford           
Backup : Keith Kinkaid            

Extra Forwards
Normal : Jay Beagle, Derek MacKenzie, Mark Letestu - PP : Jay Beagle, Derek MacKenzie - PK : Mark Letestu
Extra Defensemen
Normal : Jake McCabe, Ben Chiarot, Eric Gryba - PP : Jake McCabe - PK : Ben Chiarot, Eric Gryba
Penalty Shots
Joe Pavelski, John Tavares, Aleksander Barkov, Jonathan Drouin, Dustin Byfuglien

Scratches
Curtis Lazar (Healthy), CBJ CAP HIT (Suspend)

% Time on Ice - VANCOUVER

Lines # - Real PCT - Wanted PCT - Time Play
Normal Forward
1 - 37% - 43% - 17:02
2 - 35% - 42% - 15:54
3 - 20% - 15% - 8:57
4 - 9% - 0% - 3:54
Normal Defense
1 - 43% - 44% - 19:38
2 - 38% - 42% - 17:14
3 - 19% - 14% - 8:55
4 - 0% - 0% - 0:00
PP Forward
1 - 45% - 63% - 0:54
2 - 55% - 37% - 1:05
PP Defense
1 - 55% - 63% - 1:05
2 - 45% - 37% - 0:54
PK Forward
1 - 48% - 50% - 5:54
2 - 52% - 50% - 6:20
PK Defense
1 - 47% - 50% - 5:46
2 - 53% - 50% - 6:28
PK3 Forward
1 - 0% - 60%
2 - 0% - 40%
PK3 Defense
1 - 0% - 60%
2 - 0% - 40%
44 Forward
1 - 0% - 60%
2 - 0% - 40%
44 Defense
1 - 0% - 60%
2 - 0% - 40%
Last Minute Offensive  - 0:00
Last Minute Defensive  - 0:00
Total
Forward - 60:00
Defense - 60:00

% Time on Ice - COLUMBUS

Lines # - Real PCT - Wanted PCT - Time Play
Normal Forward
1 - 37% - 35% - 17:10
2 - 32% - 32% - 14:46
3 - 23% - 23% - 10:37
4 - 7% - 10% - 3:14
Normal Defense
1 - 36% - 35% - 16:26
2 - 32% - 30% - 14:39
3 - 27% - 25% - 12:16
4 - 5% - 10% - 2:26
PP Forward
1 - 55% - 60% - 6:41
2 - 45% - 40% - 5:33
PP Defense
1 - 53% - 60% - 6:32
2 - 47% - 40% - 5:42
PK Forward
1 - 92% - 60% - 1:50
2 - 8% - 40% - 0:09
PK Defense
1 - 57% - 60% - 1:08
2 - 43% - 40% - 0:51
PK3 Forward
1 - 0% - 60%
2 - 0% - 40%
PK3 Defense
1 - 0% - 60%
2 - 0% - 40%
44 Forward
1 - 0% - 60%
2 - 0% - 40%
44 Defense
1 - 0% - 60%
2 - 0% - 40%
Last Minute Offensive  - 0:00
Last Minute Defensive  - 0:00
Total
Forward - 60:00
Defense - 60:00

Play-by-Play

1st period


0:01 of 1st period - John Tavares wins face-off versus Tyler Seguin in neutral zone.
0:01 of 1st period - John Tavares is hit by Patrick Kane.
0:28 of 1st period - Minor Penalty to T.J. Brodie for Hooking.
0:29 of 1st period - Jean-Gabriel Pageau wins face-off versus Aleksander Barkov in VANCOUVER zone.
0:46 of 1st period - Shot by Andre Burakovsky.
0:46 of 1st period - Stopped by Martin Jones without a rebound.
0:47 of 1st period - John Tavares wins face-off versus Jean-Gabriel Pageau in VANCOUVER zone.
1:32 of 1st period - Jean-Gabriel Pageau is hit by Joe Pavelski and loses puck.
2:03 of 1st period - Shot by Mattias Ekholm.
2:03 of 1st period - Stopped by Martin Jones with a rebound.
2:05 of 1st period - Shot by Max Domi.
2:05 of 1st period - Shot Misses the Net.
2:07 of 1st period - Shot by Jacob Trouba.
2:07 of 1st period - Stopped by Martin Jones without a rebound.
2:08 of 1st period - Jean-Gabriel Pageau wins face-off versus Aleksander Barkov in VANCOUVER zone.
3:47 of 1st period - Shot by Tyler Seguin.
3:47 of 1st period - Shot Misses the Net.
3:49 of 1st period - Shot by Erik Johnson.
3:49 of 1st period - Shot Hit the Post.
4:13 of 1st period - Shot by Aleksander Barkov.
4:13 of 1st period - Shot Misses the Net.
4:35 of 1st period - Shot by Daniel Sedin.
4:35 of 1st period - Stopped by Corey Crawford without a rebound.
4:36 of 1st period - John Tavares wins face-off versus Mark Arcobello in COLUMBUS zone.
4:58 of 1st period - Jonathan Drouin is hit by T.J. Brodie and loses puck.
5:09 of 1st period - Shot by Jonathan Drouin.
5:09 of 1st period - Stopped by Martin Jones with a rebound.
5:43 of 1st period - Shot by Brian Boyle.
5:43 of 1st period - Stopped by Martin Jones without a rebound.
5:44 of 1st period - Radek Faksa wins face-off versus Nazem Kadri in VANCOUVER zone.
9:15 of 1st period - Off-side.
9:16 of 1st period - Aleksander Barkov wins face-off versus Mark Arcobello in neutral zone.
9:19 of 1st period - Shot by John Carlson.
9:19 of 1st period - Shot Misses the Net.
9:21 of 1st period - Shot by Andre Burakovsky.
9:21 of 1st period - Stopped by Martin Jones with a rebound.
9:23 of 1st period - Shot by Aleksander Barkov.
9:23 of 1st period - Shot Misses the Net.
9:25 of 1st period - Shot by Aleksander Barkov.
9:25 of 1st period - Shot Misses the Net.
9:47 of 1st period - T.J. Brodie is hit by Aleksander Barkov and loses puck.
10:17 of 1st period - Icing by Mattias Ekholm.
10:18 of 1st period - Tyler Seguin wins face-off versus Jay Beagle in COLUMBUS zone.
10:25 of 1st period - Patrick Kane is hit by Colton Sceviour.
11:29 of 1st period - Icing by Erik Johnson.
11:30 of 1st period - Aleksander Barkov wins face-off versus Jean-Gabriel Pageau in VANCOUVER zone.
11:33 of 1st period - Shot by Andre Burakovsky.
11:33 of 1st period - Stopped by Martin Jones without a rebound.
11:34 of 1st period - Aleksander Barkov wins face-off versus Nazem Kadri in VANCOUVER zone.
12:11 of 1st period - Dustin Byfuglien is hit by Nazem Kadri and loses puck.
12:17 of 1st period - Andre Burakovsky is hit by Nazem Kadri and loses puck.
12:42 of 1st period - Shot by John Tavares.
12:42 of 1st period - Shot Misses the Net.
12:52 of 1st period - Shot by Jacob Trouba.
12:52 of 1st period - Stopped by Martin Jones without a rebound.
12:53 of 1st period - Radek Faksa wins face-off versus Daniel Sedin in VANCOUVER zone.
12:53 of 1st period - Radek Faksa is hit by Travis Hamonic.
13:11 of 1st period - Shot by Leo Komarov.
13:11 of 1st period - Shot Blocked by Travis Hamonic.
13:13 of 1st period - Shot by Radek Faksa.
13:13 of 1st period - Stopped by Martin Jones without a rebound.
13:14 of 1st period - John Tavares wins face-off versus Patrick Kane in VANCOUVER zone.
13:40 of 1st period - Jonathan Drouin is hit by Tyler Seguin and loses puck.
13:49 of 1st period - Shot by Patrick Kane.
13:49 of 1st period - Shot Misses the Net.
14:24 of 1st period - Icing by Mattias Ekholm.
14:25 of 1st period - Nazem Kadri wins face-off versus Aleksander Barkov in COLUMBUS zone.
14:25 of 1st period - Erik Johnson is hit by Jacob Trouba and loses puck.
14:34 of 1st period - Shot by Aleksander Barkov.
14:34 of 1st period - Shot Blocked by Erik Johnson.
15:05 of 1st period - Jacob Trouba is hit by Hampus Lindholm and loses puck.
15:34 of 1st period - Shot by Leo Komarov.
15:34 of 1st period - Goal by Leo Komarov - VANCOUVER : 0 - COLUMBUS : 1.
15:35 of 1st period - Jean-Gabriel Pageau wins face-off versus John Tavares in neutral zone.
16:45 of 1st period - Icing by Jake McCabe.
16:46 of 1st period - Radek Faksa wins face-off versus Patrick Kane in COLUMBUS zone.
17:17 of 1st period - Shot by Radek Faksa.
17:17 of 1st period - Stopped by Martin Jones without a rebound.
17:18 of 1st period - Nazem Kadri wins face-off versus Aleksander Barkov in VANCOUVER zone.
17:31 of 1st period - Shot by Nazem Kadri.
17:31 of 1st period - Shot Blocked by Jacob Trouba.
17:33 of 1st period - Shot by Erik Johnson.
17:33 of 1st period - Shot Misses the Net.
17:35 of 1st period - Shot by Jaromir Jagr.
17:35 of 1st period - Stopped by Corey Crawford without a rebound.
17:36 of 1st period - John Tavares wins face-off versus Tyler Seguin in COLUMBUS zone.
17:41 of 1st period - Shot by Mark Stone.
17:41 of 1st period - Goal by Mark Stone - VANCOUVER : 1 - COLUMBUS : 1.
17:42 of 1st period - John Tavares wins face-off versus Patrick Kane in neutral zone.
18:04 of 1st period - Icing by John Carlson.
18:05 of 1st period - Joe Pavelski wins face-off versus Nazem Kadri in COLUMBUS zone.
18:05 of 1st period - Joe Pavelski is hit by Nazem Kadri.
18:16 of 1st period - Icing by Ryan Ellis.
18:17 of 1st period - Aleksander Barkov wins face-off versus Nazem Kadri in VANCOUVER zone.
18:22 of 1st period - Shot by Max Domi.
18:22 of 1st period - Stopped by Martin Jones with a rebound.
19:54 of 1st period - Icing by Hampus Lindholm.
19:55 of 1st period - John Tavares wins face-off versus Tyler Seguin in VANCOUVER zone.
19:59 of 1st period - Minor Penalty to Erik Johnson for Hooking.
Goals for this period are 1 for VANCOUVER vs 1 for COLUMBUS.
Shots for this period are 3 for VANCOUVER vs 12 for COLUMBUS.

2nd period


0:01 of 2nd period - Nazem Kadri wins face-off versus Joe Pavelski in neutral zone.
0:38 of 2nd period - Kevin Bieksa is hit by John Tavares.
1:43 of 2nd period - Jacob Trouba is hit by Kevin Bieksa and loses puck.
2:02 of 2nd period - Minor Penalty to Leo Komarov for Interference.
2:03 of 2nd period - Jay Beagle wins face-off versus Tyler Seguin in COLUMBUS zone.
2:03 of 2nd period - Dustin Byfuglien is hit by Tyler Seguin.
2:12 of 2nd period - Icing by Mark Stone.
2:13 of 2nd period - Tyler Seguin wins face-off versus Jay Beagle in VANCOUVER zone.
3:14 of 2nd period - Shot by Ryan Ellis.
3:14 of 2nd period - Stopped by Corey Crawford without a rebound.
3:15 of 2nd period - Jay Beagle wins face-off versus Nazem Kadri in COLUMBUS zone.
3:24 of 2nd period - Shot by Ryan Ellis.
3:24 of 2nd period - Shot Blocked by Mattias Ekholm.
4:11 of 2nd period - Minor Penalty to Travis Hamonic for Elbowing.
4:12 of 2nd period - Jean-Gabriel Pageau wins face-off versus Joe Pavelski in VANCOUVER zone.
4:12 of 2nd period - Jean-Gabriel Pageau is hit by Joe Pavelski.
4:53 of 2nd period - Shot by Joe Pavelski.
4:53 of 2nd period - Stopped by Martin Jones without a rebound.
4:54 of 2nd period - Nazem Kadri wins face-off versus Aleksander Barkov in VANCOUVER zone.
6:00 of 2nd period - Shot by Joe Pavelski.
6:00 of 2nd period - Stopped by Martin Jones without a rebound.
6:01 of 2nd period - Nazem Kadri wins face-off versus John Tavares in VANCOUVER zone.
6:47 of 2nd period - Shot by Leo Komarov.
6:47 of 2nd period - Stopped by Martin Jones without a rebound.
6:48 of 2nd period - John Tavares wins face-off versus Tyler Seguin in VANCOUVER zone.
7:08 of 2nd period - Patrick Kane is hit by Dustin Byfuglien and loses puck.
7:35 of 2nd period - John Tavares is hit by Patrick Kane and loses puck.
7:57 of 2nd period - Jonathan Huberdeau is hit by Dustin Byfuglien and loses puck.
8:50 of 2nd period - Shot by Justin Abdelkader.
8:50 of 2nd period - Deflect By Daniel Sedin.
8:50 of 2nd period - Stopped by Corey Crawford without a rebound.
8:51 of 2nd period - Radek Faksa wins face-off versus Mark Arcobello in COLUMBUS zone.
8:53 of 2nd period - Icing by Mark Letestu.
8:54 of 2nd period - Tyler Seguin wins face-off versus Radek Faksa in COLUMBUS zone.
8:55 of 2nd period - Shot by Erik Johnson.
8:55 of 2nd period - Goal by Erik Johnson - VANCOUVER : 2 - COLUMBUS : 1.
8:56 of 2nd period - Andre Burakovsky wins face-off versus Tyler Seguin in neutral zone.
9:11 of 2nd period - Shot by Aleksander Barkov.
9:11 of 2nd period - Stopped by Martin Jones without a rebound.
9:12 of 2nd period - Radek Faksa wins face-off versus Nazem Kadri in VANCOUVER zone.
9:12 of 2nd period - Leo Komarov is hit by T.J. Brodie.
9:17 of 2nd period - Icing by T.J. Brodie.
9:18 of 2nd period - Nazem Kadri wins face-off versus Aleksander Barkov in VANCOUVER zone.
9:23 of 2nd period - Aleksander Barkov is hit by Nazem Kadri.
9:57 of 2nd period - Shot by Aleksander Barkov.
9:57 of 2nd period - Stopped by Martin Jones without a rebound.
9:58 of 2nd period - Radek Faksa wins face-off versus Patrick Kane in VANCOUVER zone.
10:19 of 2nd period - Hampus Lindholm is hit by Leo Komarov and loses puck.
10:40 of 2nd period - Shot by Radek Faksa.
10:40 of 2nd period - Stopped by Martin Jones with a rebound.
10:47 of 2nd period - Icing by Mark Stone.
10:48 of 2nd period - Aleksander Barkov wins face-off versus Tyler Seguin in VANCOUVER zone.
11:05 of 2nd period - Shot by Aleksander Barkov.
11:05 of 2nd period - Stopped by Martin Jones without a rebound.
11:06 of 2nd period - Nazem Kadri wins face-off versus John Tavares in VANCOUVER zone.
11:23 of 2nd period - Shot by Jonathan Drouin.
11:23 of 2nd period - Shot Misses the Net.
11:39 of 2nd period - Shot by Joe Pavelski.
11:39 of 2nd period - Stopped by Martin Jones without a rebound.
11:40 of 2nd period - Aleksander Barkov wins face-off versus Jean-Gabriel Pageau in VANCOUVER zone.
11:43 of 2nd period - Shot by Andre Burakovsky.
11:43 of 2nd period - Stopped by Martin Jones without a rebound.
11:44 of 2nd period - Aleksander Barkov wins face-off versus Jean-Gabriel Pageau in VANCOUVER zone.
11:53 of 2nd period - Shot by Aleksander Barkov.
11:53 of 2nd period - Shot Misses the Net.
11:55 of 2nd period - Shot by Jacob Trouba.
11:55 of 2nd period - Shot Misses the Net.
12:41 of 2nd period - Justin Abdelkader is hit by John Tavares and loses puck.
13:06 of 2nd period - Shot by Jonathan Drouin.
13:06 of 2nd period - Stopped by Martin Jones without a rebound.
13:07 of 2nd period - Patrick Kane wins face-off versus Radek Faksa in VANCOUVER zone.
13:07 of 2nd period - Patrick Kane is hit by Radek Faksa.
13:20 of 2nd period - Shot by Patrick Kane.
13:20 of 2nd period - Shot Blocked by Leo Komarov.
13:34 of 2nd period - Shot by Tyler Seguin.
13:34 of 2nd period - Stopped by Corey Crawford with a rebound.
13:36 of 2nd period - Shot by Mark Stone.
13:36 of 2nd period - Shot Hit the Post.
13:38 of 2nd period - Shot by Patrick Kane.
13:38 of 2nd period - Stopped by Corey Crawford without a rebound.
13:39 of 2nd period - Nazem Kadri wins face-off versus John Tavares in COLUMBUS zone.
13:40 of 2nd period - Shot by Jonathan Huberdeau.
13:40 of 2nd period - Stopped by Corey Crawford with a rebound.
13:54 of 2nd period - Shot by John Tavares.
13:54 of 2nd period - Stopped by Martin Jones without a rebound.
13:55 of 2nd period - Tyler Seguin wins face-off versus Aleksander Barkov in VANCOUVER zone.
14:20 of 2nd period - Shot by Max Domi.
14:20 of 2nd period - Shot Misses the Net.
14:26 of 2nd period - Shot by Max Domi.
14:26 of 2nd period - Stopped by Martin Jones without a rebound.
14:27 of 2nd period - John Tavares wins face-off versus Nazem Kadri in VANCOUVER zone.
15:05 of 2nd period - Jonathan Huberdeau is hit by Dustin Byfuglien and loses puck.
15:44 of 2nd period - Shot by Aleksander Barkov.
15:44 of 2nd period - Shot Blocked by T.J. Brodie.
16:06 of 2nd period - Mark Stone is hit by Aleksander Barkov and loses puck.
16:30 of 2nd period - Icing by Mark Stone.
16:31 of 2nd period - Mark Letestu wins face-off versus Patrick Kane in VANCOUVER zone.
18:10 of 2nd period - Minor Penalty to Mark Stone for Tripping.
18:11 of 2nd period - Aleksander Barkov wins face-off versus Jean-Gabriel Pageau in VANCOUVER zone.
18:45 of 2nd period - Jacob Trouba is hit by Hampus Lindholm and loses puck.
19:18 of 2nd period - Shot by John Carlson.
19:18 of 2nd period - Shot Blocked by Hampus Lindholm.
19:20 of 2nd period - Shot by Joe Pavelski.
19:20 of 2nd period - Deflect By John Tavares.
19:20 of 2nd period - Shot Misses the Net.
Goals for this period are 1 for VANCOUVER vs 0 for COLUMBUS.
Shots for this period are 6 for VANCOUVER vs 12 for COLUMBUS.

3rd period


0:01 of 3rd period - Jean-Gabriel Pageau wins face-off versus John Tavares in neutral zone.
1:17 of 3rd period - Icing by Aleksander Barkov.
1:18 of 3rd period - Aleksander Barkov wins face-off versus Daniel Sedin in COLUMBUS zone.
1:33 of 3rd period - Shot by Joe Pavelski.
1:33 of 3rd period - Stopped by Martin Jones without a rebound.
1:34 of 3rd period - Tyler Seguin wins face-off versus John Tavares in VANCOUVER zone.
1:54 of 3rd period - Shot by John Tavares.
1:54 of 3rd period - Stopped by Martin Jones without a rebound.
1:55 of 3rd period - Jay Beagle wins face-off versus Nazem Kadri in VANCOUVER zone.
2:08 of 3rd period - Shot by Brian Boyle.
2:08 of 3rd period - Stopped by Martin Jones without a rebound.
2:09 of 3rd period - Tyler Seguin wins face-off versus Jonathan Drouin in VANCOUVER zone.
2:09 of 3rd period - Tyler Seguin is hit by Joe Pavelski.
2:37 of 3rd period - Shot by Joe Pavelski.
2:37 of 3rd period - Stopped by Martin Jones without a rebound.
2:38 of 3rd period - Nazem Kadri wins face-off versus Aleksander Barkov in VANCOUVER zone.
2:49 of 3rd period - Off-side.
2:50 of 3rd period - Jean-Gabriel Pageau wins face-off versus Radek Faksa in neutral zone.
4:21 of 3rd period - Shot by Jaromir Jagr.
4:21 of 3rd period - Deflect By Jonathan Huberdeau.
4:21 of 3rd period - Shot Misses the Net.
5:23 of 3rd period - Shot by Erik Johnson.
5:23 of 3rd period - Stopped by Corey Crawford without a rebound.
5:24 of 3rd period - Jay Beagle wins face-off versus Jean-Gabriel Pageau in COLUMBUS zone.
5:34 of 3rd period - Icing by Erik Johnson.
5:35 of 3rd period - Radek Faksa wins face-off versus Daniel Sedin in VANCOUVER zone.
5:43 of 3rd period - Icing by Hampus Lindholm.
5:44 of 3rd period - John Tavares wins face-off versus Jean-Gabriel Pageau in VANCOUVER zone.
5:44 of 3rd period - John Tavares is hit by Erik Johnson.
6:14 of 3rd period - Dustin Byfuglien is hit by Jean-Gabriel Pageau and loses puck.
6:25 of 3rd period - Shot by John Tavares.
6:25 of 3rd period - Stopped by Martin Jones with a rebound.
7:00 of 3rd period - Shot by Jonathan Huberdeau.
7:00 of 3rd period - Goal by Jonathan Huberdeau - VANCOUVER : 3 - COLUMBUS : 1.
7:01 of 3rd period - Brian Boyle wins face-off versus Tyler Seguin in neutral zone.
7:07 of 3rd period - Minor Penalty to Kevin Bieksa for Goalie Interference.
7:08 of 3rd period - Nazem Kadri wins face-off versus Aleksander Barkov in VANCOUVER zone.
7:08 of 3rd period - Nazem Kadri is hit by Aleksander Barkov.
8:23 of 3rd period - Shot by John Tavares.
8:23 of 3rd period - Shot Blocked by T.J. Brodie.
9:20 of 3rd period - Leo Komarov is hit by Kevin Bieksa.
9:32 of 3rd period - Shot by Mark Letestu.
9:32 of 3rd period - Shot Misses the Net.
9:42 of 3rd period - Shot by Chris Kunitz.
9:42 of 3rd period - Stopped by Corey Crawford with a rebound.
9:45 of 3rd period - Icing by Jake McCabe.
9:46 of 3rd period - Mark Letestu wins face-off versus Justin Abdelkader in COLUMBUS zone.
9:55 of 3rd period - Ryan Ellis is hit by Radek Faksa and loses puck.
10:57 of 3rd period - John Carlson is hit by Ryan Ellis and loses puck.
11:54 of 3rd period - Shot by Andre Burakovsky.
11:54 of 3rd period - Deflect By Aleksander Barkov.
11:54 of 3rd period - Stopped by Martin Jones without a rebound.
11:55 of 3rd period - Tyler Seguin wins face-off versus John Tavares in VANCOUVER zone.
12:09 of 3rd period - Shot by Mark Stone.
12:09 of 3rd period - Stopped by Corey Crawford without a rebound.
12:10 of 3rd period - Mark Arcobello wins face-off versus Radek Faksa in COLUMBUS zone.
12:18 of 3rd period - Minor Penalty to Chris Kunitz for Tripping.
12:19 of 3rd period - Nazem Kadri wins face-off versus John Tavares in VANCOUVER zone.
12:19 of 3rd period - Nazem Kadri is hit by Joe Pavelski.
12:33 of 3rd period - Shot by Dustin Byfuglien.
12:33 of 3rd period - Shot Misses the Net.
12:52 of 3rd period - Icing by John Carlson.
12:53 of 3rd period - Jean-Gabriel Pageau wins face-off versus John Tavares in COLUMBUS zone.
13:08 of 3rd period - Off-side.
13:09 of 3rd period - Aleksander Barkov wins face-off versus Nazem Kadri in neutral zone.
13:24 of 3rd period - Shot by Aleksander Barkov.
13:24 of 3rd period - Shot Hit the Post.
13:36 of 3rd period - Shot by Andre Burakovsky.
13:36 of 3rd period - Stopped by Martin Jones without a rebound.
13:37 of 3rd period - Jean-Gabriel Pageau wins face-off versus John Tavares in VANCOUVER zone.
13:49 of 3rd period - Icing by Dustin Byfuglien.
13:50 of 3rd period - John Tavares wins face-off versus Jean-Gabriel Pageau in COLUMBUS zone.
13:56 of 3rd period - Off-side.
13:57 of 3rd period - Jean-Gabriel Pageau wins face-off versus John Tavares in neutral zone.
14:06 of 3rd period - Shot by John Tavares.
14:06 of 3rd period - Goal by John Tavares - VANCOUVER : 3 - COLUMBUS : 2.
14:07 of 3rd period - Nazem Kadri wins face-off versus Aleksander Barkov in neutral zone.
14:07 of 3rd period - Nazem Kadri is hit by Aleksander Barkov.
14:29 of 3rd period - Shot by Jaromir Jagr.
14:29 of 3rd period - Stopped by Corey Crawford without a rebound.
14:30 of 3rd period - Tyler Seguin wins face-off versus John Tavares in COLUMBUS zone.
14:59 of 3rd period - Shot by Tyler Seguin.
14:59 of 3rd period - Shot Misses the Net.
15:01 of 3rd period - Shot by Mark Stone.
15:01 of 3rd period - Stopped by Corey Crawford without a rebound.
15:02 of 3rd period - Jaromir Jagr wins face-off versus Aleksander Barkov in COLUMBUS zone.
15:25 of 3rd period - Shot by Jonathan Huberdeau.
15:25 of 3rd period - Shot Misses the Net.
15:27 of 3rd period - Shot by Jonathan Huberdeau.
15:27 of 3rd period - Stopped by Corey Crawford without a rebound.
15:28 of 3rd period - John Tavares wins face-off versus Tyler Seguin in COLUMBUS zone.
15:55 of 3rd period - Off-side.
15:56 of 3rd period - Nazem Kadri wins face-off versus Aleksander Barkov in neutral zone.
16:11 of 3rd period - Shot by Nazem Kadri.
16:11 of 3rd period - Stopped by Corey Crawford without a rebound.
16:12 of 3rd period - Tyler Seguin wins face-off versus John Tavares in COLUMBUS zone.
16:13 of 3rd period - Shot by Ryan Ellis.
16:13 of 3rd period - Shot Misses the Net.
16:15 of 3rd period - Shot by Ryan Ellis.
16:15 of 3rd period - Stopped by Corey Crawford without a rebound.
16:16 of 3rd period - Nazem Kadri wins face-off versus Andre Burakovsky in COLUMBUS zone.
16:32 of 3rd period - Shot by Andre Burakovsky.
16:32 of 3rd period - Shot Misses the Net.
16:47 of 3rd period - Icing by Jaromir Jagr.
16:48 of 3rd period - John Tavares wins face-off versus Nazem Kadri in VANCOUVER zone.
16:55 of 3rd period - Shot by Joe Pavelski.
16:55 of 3rd period - Stopped by Martin Jones without a rebound.
16:56 of 3rd period - Tyler Seguin wins face-off versus John Tavares in VANCOUVER zone.
17:05 of 3rd period - Shot by Tyler Seguin.
17:05 of 3rd period - Shot Misses the Net.
18:10 of 3rd period - Erik Johnson is hit by Ben Chiarot and loses puck.
18:15 of 3rd period - Shot by Jonathan Huberdeau.
18:15 of 3rd period - Stopped by Corey Crawford with a rebound.
18:17 of 3rd period - Shot by Hampus Lindholm.
18:17 of 3rd period - Deflect By Nazem Kadri.
18:17 of 3rd period - Stopped by Corey Crawford without a rebound.
18:18 of 3rd period - Aleksander Barkov wins face-off versus Jean-Gabriel Pageau in COLUMBUS zone.
18:18 of 3rd period - Aleksander Barkov is hit by Justin Abdelkader.
18:32 of 3rd period - Shot by Andre Burakovsky.
18:32 of 3rd period - Shot Hit the Post.
18:34 of 3rd period - Shot by Dustin Byfuglien.
18:34 of 3rd period - Shot Blocked by Kevin Bieksa.
18:36 of 3rd period - Shot by Dustin Byfuglien.
18:36 of 3rd period - Shot Misses the Net.
18:38 of 3rd period - Shot by Aleksander Barkov.
18:38 of 3rd period - Stopped by Martin Jones without a rebound.
18:39 of 3rd period - Leo Komarov wins face-off versus Nazem Kadri in VANCOUVER zone.
18:39 of 3rd period - Leo Komarov is hit by Hampus Lindholm.
18:45 of 3rd period - Shot by Leo Komarov.
18:45 of 3rd period - Shot Misses the Net.
19:10 of 3rd period - COLUMBUS, Corey Crawford is pulled from the net.
19:26 of 3rd period - Radek Faksa is hit by Jaromir Jagr and loses puck.
19:28 of 3rd period - Minor Penalty to Jonathan Huberdeau for Hooking.
19:29 of 3rd period - Jean-Gabriel Pageau wins face-off versus Aleksander Barkov in VANCOUVER zone.
19:42 of 3rd period - Shot by John Carlson.
19:42 of 3rd period - Shot Misses the Net.
19:44 of 3rd period - Shot by Dustin Byfuglien.
19:44 of 3rd period - Shot Misses the Net.
19:46 of 3rd period - Shot by Dustin Byfuglien.
19:46 of 3rd period - Stopped by Martin Jones without a rebound.
19:47 of 3rd period - John Tavares wins face-off versus Jean-Gabriel Pageau in VANCOUVER zone.
19:54 of 3rd period - Shot by Jonathan Drouin.
19:54 of 3rd period - Stopped by Martin Jones without a rebound.
19:55 of 3rd period - John Tavares wins face-off versus Jean-Gabriel Pageau in VANCOUVER zone.
19:58 of 3rd period - Shot by Joe Pavelski.
19:58 of 3rd period - Stopped by Martin Jones with a rebound.
Goals for this period are 1 for VANCOUVER vs 1 for COLUMBUS.
Shots for this period are 11 for VANCOUVER vs 13 for COLUMBUS.